[Event "7. Arber-Senioren-Cup 2019"]
[Site "Bodenmais"]
[Date "2019.08.01"]
[Round "6.15"]
[White "Boldt, Heinrich"]
[Black "Augustin, Christian"]
[Result "1/2-1/2"]
[ECO "A43"]
[WhiteElo "1803"]
[BlackElo "1971"]
[Annotator "NA"]
[PlyCount "96"]
[EventDate "2019.07.27"]
[EventType "swiss"]
[EventCountry "GER"]
[SourceTitle "playchess.com"]
[Source "ChessBase"]
[SourceQuality "1"]
[TimeControl "60/7800+30:0"]

1. d4 c5 2. d5 d6 3. c4 e5 4. e4 Be7 5. Bd3 Bg5 6. Nc3 Bxc1 7. Qxc1 Nh6 8. h4 O-O 9. Qg5 f6 10. Qd2 a6 11. f3 f5 12. Qg5 Qb6 13. Rb1 f4 14. h5 Nf7 15. Qh4 h6 16. Ke2 Ng5 17. Nh3 Bxh3 18. gxh3 Nd7 19. Rhg1 Qd8 20. Rg2 Nh7 21. Qg4 Rf7 22. Rbg1 Ng5 23. h4 Nf6 24. Qf5 Ngh7 25. Rg6 Kf8 26. Qe6 Qd7 27. Qxd7 Rxd7 28. Na4 Rf7 29. Nb6 Rd8 30. Bc2 Nxh5 31. Ba4 Ng3+ 32. Kf2 Nf6 33. Bc2 Re7 34. a3 Kf7 35. R6xg3 fxg3+ 36. Rxg3 Nh5 37. Rg4 a5 38. Na4 g6 39. Nc3 Kg7 40. Nb5 Rf7 41. Bd1 Rf4 42. Nc7 Rxg4 43. Ne6+ Kf6 44. fxg4 Rb8 45. gxh5 b5 46. hxg6 Kxg6 47. cxb5 Rxb5 48. b3 Kh7 1/2-1/2

[Event "7. Arber-Senioren-Cup 2019"]
[Site "Bodenmais"]
[Date "2019.08.01"]
[Round "6.16"]
[White "Otto, Klaus"]
[Black "Schmidt, Matthias"]
[Result "1/2-1/2"]
[ECO "B10"]
[WhiteElo "1725"]
[BlackElo "2020"]
[Annotator "NA"]
[PlyCount "65"]
[EventDate "2019.07.27"]
[EventType "swiss"]
[EventCountry "GER"]
[SourceTitle "playchess.com"]
[Source "ChessBase"]
[SourceQuality "1"]
[TimeControl "60/7800+30:0"]

1. e4 c6 2. d3 d5 3. Nd2 e5 4. Ngf3 Bd6 5. d4 exd4 6. exd5 cxd5 7. Nxd4 Nc6 8. N4b3 Nf6 9. Nf3 h6 10. Be2 O-O 11. O-O Qc7 12. h3 Bf5 13. Be3 Nb4 14. c3 Bc2 15. Qc1 Bd3 16. Bxd3 Nxd3 17. Qd2 Ne5 18. Nxe5 Bxe5 19. Bd4 Bf4 20. Be3 Bd6 21. Nd4 Qd7 22. Qd3 b6 23. Qf5 Rad8 24. Qxd7 Rxd7 25. f3 Bc5 26. Bf2 a5 27. Rae1 Nh5 28. Nb3 Bxf2+ 29. Kxf2 Nf4 30. Re3 a4 31. Nd4 b5 32. Rd1 Rb8 33. Ne2 1/2-1/2

[Event "7. Arber-Senioren-Cup 2019"]
[Site "Bodenmais"]
[Date "2019.08.01"]
[Round "6.17"]
[White "Riess, Michael"]
[Black "Bock, Ortwin"]
[Result "1-0"]
[ECO "B00"]
[WhiteElo "1686"]
[BlackElo "1938"]
[Annotator "NA"]
[PlyCount "41"]
[EventDate "2019.07.27"]
[EventType "swiss"]
[EventCountry "GER"]
[SourceTitle "playchess.com"]
[Source "ChessBase"]
[SourceQuality "1"]
[TimeControl "60/7800+30:0"]

1. e4 Nc6 2. d4 d5 3. e5 Bf5 4. Bb5 a6 5. Bxc6+ bxc6 6. Ne2 e6 7. Ng3 Bg6 8. O-O h5 9. Ne2 Rb8 10. Nf4 Bf5 11. h3 g6 12. Re1 Bh6 13. b3 Bg5 14. Nd3 Bh4 15. Bf4 Nh6 16. Qd2 g5 17. Bg3 g4 18. Bxh4 Qxh4 19. Qf4 Bxd3 20. cxd3 Nf5 21. Nd2 1-0

[Event "7. Arber-Senioren-Cup 2019"]
[Site "Bodenmais"]
[Date "2019.08.01"]
[Round "6.18"]
[White "Schuster, Herbert"]
[Black "Mahnke, Ralf"]
[Result "0-1"]
[ECO "C44"]
[WhiteElo "1774"]
[BlackElo "1925"]
[Annotator "NA"]
[PlyCount "118"]
[EventDate "2019.07.27"]
[EventType "swiss"]
[EventCountry "GER"]
[SourceTitle "playchess.com"]
[Source "ChessBase"]
[SourceQuality "1"]
[TimeControl "60/7800+30:0"]

1. e4 e5 2. Nf3 Nc6 3. c4 Nf6 4. Nc3 Bc5 5. Be2 d6 6. O-O O-O 7. d3 h6 8. Be3 Bb6 9. h3 Bd7 10. Nd5 Nxd5 11. cxd5 Ne7 12. a4 c6 13. b4 Bxe3 14. fxe3 cxd5 15. Qb3 Be6 16. Qb2 Qb6 17. d4 dxe4 18. a5 Qd8 19. Nd2 d5 20. dxe5 b6 21. Nb3 bxa5 22. Nd4 Qb6 23. Rxa5 Rab8 24. Rb5 Qc7 25. Rxb8 Rxb8 26. Qa3 Ng6 27. Bh5 Nxe5 28. Nxe6 fxe6 29. Rc1 Qb6 30. Kh2 Nc4 31. Qa4 Rd8 32. Ra1 Qc7+ 33. Kg1 Rd7 34. Be8 Re7 35. Kf2 Qb6 36. Re1 Kh7 37. Qb5 Nd6 38. Qxb6 axb6 39. Bh5 g6 40. Bd1 Ra7 41. Be2 Ra2 42. Rc1 Nc4 43. b5 Kg7 44. g4 g5 45. Rc3 Kf6 46. Ke1 Ra4 47. Bd1 Rb4 48. Bb3 Ke5 49. Ke2 Kd6 50. Kf2 Kc5 51. Kg3 Kxb5 52. h4 Kc5 53. hxg5 hxg5 54. Kf2 b5 55. Ke2 Kd6 56. Bc2 Rb2 57. Kd1 b4 58. Rb3 Rxb3 59. Bxb3 Nxe3+ 0-1

[Event "7. Arber-Senioren-Cup 2019"]
[Site "Bodenmais"]
[Date "2019.08.01"]
[Round "6.19"]
[White "Hilbig, Dieter"]
[Black "Loibl, Johann"]
[Result "1/2-1/2"]
[ECO "C54"]
[WhiteElo "1943"]
[BlackElo "1760"]
[Annotator "NA"]
[PlyCount "73"]
[EventDate "2019.07.27"]
[EventType "swiss"]
[EventCountry "GER"]
[SourceTitle "playchess.com"]
[Source "ChessBase"]
[SourceQuality "1"]
[TimeControl "60/7800+30:0"]

1. e4 e5 2. Nf3 Nc6 3. Bc4 Bc5 4. c3 Nf6 5. d3 d6 6. Bb3 O-O 7. Bg5 h6 8. Bh4 Be6 9. Bc2 Qe7 10. Nbd2 Rad8 11. Qe2 a5 12. Nf1 Rfe8 13. Ne3 Bb6 14. h3 g5 15. Bg3 Qf8 16. a3 Bc8 17. Nd2 d5 18. O-O-O d4 19. cxd4 Nxd4 20. Qf1 Qc5 21. Kb1 Nxc2 22. Nxc2 Qb5 23. Nc4 Nxe4 24. dxe4 Rxd1+ 25. Qxd1 Qxc4 26. h4 Qxe4 27. hxg5 Bf5 28. Rxh6 Kg7 29. Rh1 Qxc2+ 30. Qxc2 Bxc2+ 31. Kxc2 Kg6 32. Re1 Kxg5 33. Bxe5 Kf5 34. Bc3 Rxe1 35. Bxe1 Ke4 36. Kd2 a4 37. f3+ 1/2-1/2

[Event "7. Arber-Senioren-Cup 2019"]
[Site "Bodenmais"]
[Date "2019.08.01"]
[Round "6.20"]
[White "Meckel, Helmut"]
[Black "Riedl, Maximilian"]
[Result "1-0"]
[ECO "A00"]
[WhiteElo "1804"]
[BlackElo "1905"]
[Annotator "NA"]
[PlyCount "63"]
[EventDate "2019.07.27"]
[EventType "swiss"]
[EventCountry "GER"]
[SourceTitle "playchess.com"]
[Source "ChessBase"]
[SourceQuality "1"]
[TimeControl "60/7800+30:0"]

1. b4 c6 2. c4 e6 3. Bb2 Nf6 4. b5 cxb5 5. cxb5 d5 6. e3 Be7 7. Nf3 O-O 8. Nc3 Nbd7 9. Be2 a6 10. a4 axb5 11. axb5 Rxa1 12. Qxa1 Re8 13. g4 Nxg4 14. Rg1 Ngf6 15. e4 d4 16. Nxd4 Nc5 17. d3 Qxd4 18. Nd5 Nxd3+ 19. Bxd3 Qxd3 20. Nxe7+ Rxe7 21. Bxf6 Qxe4+ 22. Kf1 Qd3+ 23. Ke1 Qe4+ 24. Kf1 Qd3+ 25. Ke1 Rd7 26. Rxg7+ Kf8 27. Qc1 Qd6 28. Qxc8+ Rd8 29. Qxd8+ Qxd8 30. Rxf7+ Kxf7 31. Bxd8 Ke8 32. Bb6 1-0

[Event "7. Arber-Senioren-Cup 2019"]
[Site "Bodenmais"]
[Date "2019.08.01"]
[Round "6.21"]
[White "Supplieth, Peter"]
[Black "Kirschner, Torsten"]
[Result "1/2-1/2"]
[ECO "B22"]
[WhiteElo "1880"]
[BlackElo "1767"]
[Annotator "NA"]
[PlyCount "110"]
[EventDate "2019.07.27"]
[EventType "swiss"]
[EventCountry "GER"]
[SourceTitle "playchess.com"]
[Source "ChessBase"]
[SourceQuality "1"]
[TimeControl "60/7800+30:0"]

1. e4 c5 2. c3 d5 3. exd5 Nf6 4. c4 Bf5 5. Nf3 h6 6. Nc3 Nbd7 7. d4 Qc7 8. Be3 Ng4 9. Nb5 Qb8 10. Qd2 a6 11. Bf4 Qc8 12. Nc7+ Kd8 13. Nxa8 Qxa8 14. h3 Ngf6 15. dxc5 a5 16. Ne5 Ne4 17. Qe3 a4 18. Qa3 Nxe5 19. Bxe5 f6 20. Bh2 e5 21. b4 Nxc5 22. Be2 Na6 23. O-O Nxb4 24. Qf3 Bh7 25. Rfd1 Nc2 26. Rac1 Bc5 27. Bd3 Nd4 28. Qg4 Bxd3 29. Rxd3 Rg8 30. Kf1 Qa6 31. Qd1 Nf5 32. Qe1 Re8 33. Qe4 Nd6 34. Qg4 Re7 35. Rdc3 f5 36. Qe2 Ne4 37. Rf3 g6 38. Bg3 Bd4 39. Qd3 Rf7 40. h4 Qa5 41. Rc2 Qb6 42. Qd1 g5 43. Re2 g4 44. Rd3 Nxg3+ 45. Rxg3 h5 46. Rd3 Rc7 47. Rc2 f4 48. Rc1 Qf6 49. Ke2 Bc5 50. Kd2 Qxh4 51. Qe2 Bb4+ 52. Rdc3 Qg5 53. Kc2 Bxc3 54. Kxc3 b5 55. Kb2 Qe7 1/2-1/2

[Event "7. Arber-Senioren-Cup 2019"]
[Site "Bodenmais"]
[Date "2019.08.01"]
[Round "6.22"]
[White "Sagner, Guenter"]
[Black "Klimpel, Siegfried"]
[Result "1/2-1/2"]
[ECO "A51"]
[WhiteElo "1696"]
[BlackElo "1843"]
[Annotator "NA"]
[PlyCount "60"]
[EventDate "2019.07.27"]
[EventType "swiss"]
[EventCountry "GER"]
[SourceTitle "playchess.com"]
[Source "ChessBase"]
[SourceQuality "1"]
[TimeControl "60/7800+30:0"]

1. d4 Nf6 2. c4 e5 3. dxe5 Ne4 4. Qc2 Nc5 5. b4 Ne6 6. a3 a5 7. b5 d5 8. exd6 Qxd6 9. Bb2 c6 10. Nc3 cxb5 11. Rd1 Qc6 12. cxb5 Qc4 13. e3 Qg4 14. Be2 Qxg2 15. Bf3 Qg6 16. Be4 Qh6 17. Nd5 Nd7 18. Bf5 Ndc5 19. Nb6 Nd4 20. exd4 Qxb6 21. dxc5 Qxb5 22. Qe4+ Be7 23. Bxg7 Rg8 24. Bf6 Qxc5 25. Bxc8 Rxc8 26. Ne2 Rc6 27. Rc1 Qd6 28. Rxc6 bxc6 29. Qxe7+ Qxe7 30. Bxe7 Kxe7 1/2-1/2

[Event "7. Arber-Senioren-Cup 2019"]
[Site "Bodenmais"]
[Date "2019.08.01"]
[Round "6.23"]
[White "Peglau, Markus"]
[Black "Trinkl, Andreas"]
[Result "1-0"]
[ECO "A04"]
[WhiteElo "1849"]
[BlackElo "1620"]
[Annotator "NA"]
[PlyCount "47"]
[EventDate "2019.07.27"]
[EventType "swiss"]
[EventCountry "GER"]
[SourceTitle "playchess.com"]
[Source "ChessBase"]
[SourceQuality "1"]
[TimeControl "60/7800+30:0"]

1. Nf3 g6 2. c4 Bg7 3. Nc3 b6 4. d4 Bb7 5. e4 d6 6. Bd3 c5 7. d5 Nd7 8. O-O Ne5 9. Nxe5 dxe5 10. f4 Bc8 11. Qf3 Nh6 12. fxe5 O-O 13. Bf4 Ng4 14. Qg3 f6 15. exf6 Nxf6 16. Qh4 Be6 17. Bg5 Re8 18. Rf3 Bc8 19. e5 Ng4 20. e6 Bxe6 21. dxe6 Bd4+ 22. Kf1 h5 23. Bxg6 Rf8 24. Bf7+ 1-0

[Event "7. Arber-Senioren-Cup 2019"]
[Site "Bodenmais"]
[Date "2019.08.01"]
[Round "6.24"]
[White "Braeu, Ludwig"]
[Black "Gottwald, Helmut"]
[Result "1-0"]
[ECO "A15"]
[WhiteElo "1818"]
[BlackElo "1579"]
[Annotator "NA"]
[PlyCount "105"]
[EventDate "2019.07.27"]
[EventType "swiss"]
[EventCountry "GER"]
[SourceTitle "playchess.com"]
[Source "ChessBase"]
[SourceQuality "1"]
[TimeControl "60/7800+30:0"]

1. c4 Nf6 2. g3 e6 3. Bg2 Nc6 4. Nf3 d5 5. b3 Bc5 6. O-O Bd7 7. Bb2 O-O 8. a3 a6 9. Qc2 h6 10. cxd5 Bxf2+ 11. Rxf2 exd5 12. Bxf6 Qxf6 13. Nc3 Rfe8 14. Rc1 Ne7 15. Nd1 Bf5 16. Qb2 Qb6 17. b4 Rad8 18. Qd4 Qd6 19. Ne3 Bd7 20. Qe5 Bc6 21. Qxd6 Rxd6 22. Nd4 Ng6 23. Nef5 Rf6 24. Nxc6 bxc6 25. Nd4 Rxf2 26. Kxf2 Ne5 27. Bf3 Nc4 28. Nxc6 Nxd2 29. Bxd5 Ne4+ 30. Bxe4 Rxe4 31. e3 Re8 32. Nd4 Rc8 33. Rc6 Kf8 34. a4 Rb8 35. b5 axb5 36. axb5 Rb7 37. Kf3 Ke7 38. Ke4 Kd7 39. Kd5 Ra7 40. Ra6 Rb7 41. e4 Rb8 42. Ra7 Rb6 43. Ra6 Rb8 44. e5 Re8 45. Ra7 Rb8 46. Kc5 Rb6 47. Nc6 Kc8 48. Ra8+ Kd7 49. Rd8+ Ke6 50. Re8+ Kf5 51. Re7 Rb7 52. Rxf7+ Kg6 53. Rf8 1-0

[Event "7. Arber-Senioren-Cup 2019"]
[Site "Bodenmais"]
[Date "2019.08.01"]
[Round "6.25"]
[White "Gerl, Hans"]
[Black "Auterhoff, Juergen"]
[Result "1-0"]
[ECO "E12"]
[WhiteElo "1955"]
[BlackElo "1673"]
[Annotator "NA"]
[PlyCount "107"]
[EventDate "2019.07.27"]
[EventType "swiss"]
[EventCountry "GER"]
[SourceTitle "playchess.com"]
[Source "ChessBase"]
[SourceQuality "1"]
[TimeControl "60/7800+30:0"]

1. d4 Nf6 2. c4 e6 3. Nf3 b6 4. a3 Bb7 5. Nc3 d5 6. cxd5 exd5 7. g3 Nbd7 8. Bg2 Be7 9. b4 a6 10. Rb1 O-O 11. O-O Bd6 12. Qb3 Re8 13. Nh4 c6 14. Nf5 Bc7 15. f3 Nf8 16. e4 Bc8 17. Rd1 Bxf5 18. exf5 Qd7 19. Qc2 h6 20. Ne2 Re7 21. Bf1 Rae8 22. Nf4 b5 23. Bd2 Bb6 24. Bc3 Re3 25. Kg2 R3e7 26. Rbc1 Bc7 27. Bd2 Bb6 28. Qxc6 Bxd4 29. Qxa6 Qxf5 30. Bd3 Qe5 31. Re1 Qb8 32. Rxe7 Rxe7 33. Qxb5 Qxb5 34. Bxb5 Bb2 35. Rb1 Bxa3 36. Rb3 Ra7 37. Bc6 d4 38. b5 Bc5 39. Nd3 Bb6 40. Bf4 Ne6 41. Bd6 Ra2+ 42. Rb2 Rxb2+ 43. Nxb2 Nd8 44. Nc4 Ba7 45. Ba8 Nd7 46. Bc7 Ne6 47. b6 d3 48. Kf1 Ndc5 49. bxa7 Nxc7 50. Bc6 Nb3 51. a8=Q+ Nxa8 52. Bxa8 d2 53. Ke2 Nd4+ 54. Kxd2 1-0

[Event "7. Arber-Senioren-Cup 2019"]
[Site "Bodenmais"]
[Date "2019.08.01"]
[Round "6.26"]
[White "Moser, Andreas"]
[Black "Wittkugel, Friedhelm"]
[Result "1/2-1/2"]
[ECO "B08"]
[WhiteElo "1693"]
[BlackElo "1920"]
[Annotator "NA"]
[PlyCount "56"]
[EventDate "2019.07.27"]
[EventType "swiss"]
[EventCountry "GER"]
[SourceTitle "playchess.com"]
[Source "ChessBase"]
[SourceQuality "1"]
[TimeControl "60/7800+30:0"]

1. e4 Nf6 2. Nc3 d6 3. Nf3 g6 4. d4 Bg7 5. h3 c6 6. Bd3 Qc7 7. Be3 Nbd7 8. Qd2 h6 9. O-O-O b5 10. g4 b4 11. Ne2 a5 12. g5 hxg5 13. Nxg5 Ba6 14. Ng3 c5 15. Bxa6 Rxa6 16. f4 c4 17. Qe2 e6 18. f5 gxf5 19. exf5 e5 20. dxe5 Nxe5 21. Bd4 Bh6 22. h4 Nfd7 23. Kb1 f6 24. Qh5+ Ke7 25. N3e4 Raa8 26. Ne6 Qc6 27. Qe2 c3 28. b3 a4 1/2-1/2

[Event "7. Arber-Senioren-Cup 2019"]
[Site "Bodenmais"]
[Date "2019.08.01"]
[Round "6.27"]
[White "Berger, Siegfried"]
[Black "Wolff, Peter"]
[Result "1/2-1/2"]
[ECO "B10"]
[WhiteElo "1548"]
[BlackElo "1915"]
[Annotator "NA"]
[PlyCount "54"]
[EventDate "2019.07.27"]
[EventType "swiss"]
[EventCountry "GER"]
[SourceTitle "playchess.com"]
[Source "ChessBase"]
[SourceQuality "1"]
[TimeControl "60/7800+30:0"]

1. e4 c6 2. Nf3 d5 3. exd5 cxd5 4. d4 Nf6 5. Nc3 g6 6. Bb5+ Nc6 7. h3 Bg7 8. O-O O-O 9. Re1 Qc7 10. Bg5 Be6 11. Qd2 Rfd8 12. Bf4 Qb6 13. Bxc6 Qxc6 14. Ng5 Nh5 15. Nxe6 fxe6 16. Be5 Rf8 17. Bxg7 Nxg7 18. Ne2 Rf6 19. c3 Raf8 20. f3 Nh5 21. Qg5 R8f7 22. Qe5 Rf5 23. Qe3 Qd6 24. Rf1 Ng7 25. Rf2 Qb6 26. b3 e5 27. Raf1 exd4 1/2-1/2

[Event "7. Arber-Senioren-Cup 2019"]
[Site "Bodenmais"]
[Date "2019.08.02"]
[Round "7.1"]
[White "Koehler, Gerhard"]
[Black "Pirrot, Dieter"]
[Result "1/2-1/2"]
[ECO "A20"]
[WhiteElo "2197"]
[BlackElo "2315"]
[Annotator "ChessBase"]
[PlyCount "111"]
[EventDate "2019.07.27"]
[EventType "swiss"]
[EventCountry "GER"]
[SourceTitle "playchess.com"]
[Source "ChessBase"]
[SourceQuality "1"]
[TimeControl "60/7800+30:0"]

1. c4 e5 2. g3 Nf6 3. Bg2 c6 4. Nf3 e4 5. Nd4 Qb6 6. e3 d5 7. cxd5 cxd5 8. Nc3 Nc6 9. Nxc6 bxc6 10. d3 exd3 11. Qxd3 Ba6 12. Qd1 Bb4 13. Bd2 O-O 14. a3 Bxc3 15. Bxc3 Rfe8 16. Qd2 Ne4 17. Bxe4 dxe4 18. Qd4 f6 19. O-O-O Bd3 20. Qxb6 axb6 21. f4 c5 22. Kd2 Red8 23. Ke1 Bc2 24. Rxd8+ Rxd8 25. Ke2 h5 26. h3 Kf7 27. Kf2 Bd1 28. Re1 Rd3 29. Rg1 Bf3 30. g4 hxg4 31. hxg4 g5 32. fxg5 fxg5 33. Rg3 Kg6 34. Rh3 Bxg4 35. Rh8 Bd7 36. Rb8 b5 37. Rb7 Kh5 38. Rc7 Rd5 39. Kg3 Kg6 40. Kg2 Kf5 41. Kg3 Ke6 42. Rb7 Rd1 43. Rb8 Rf1 44. Rg8 Rf3+ 45. Kg2 Kf5 46. Rf8+ Kg4 47. Rxf3 exf3+ 48. Kf2 Bc6 49. Be5 Kf5 50. Bd6 c4 51. Bc5 Ke4 52. Be7 g4 53. Bd6 Kd3 54. Be5 Be4 55. Bg3 Bc6 56. Bd6 1/2-1/2

[Event "7. Arber-Senioren-Cup 2019"]
[Site "Bodenmais"]
[Date "2019.08.02"]
[Round "7.2"]
[White "Herbold, Manfred"]
[Black "Blechzin, Igor"]
[Result "1/2-1/2"]
[ECO "B20"]
[WhiteElo "2081"]
[BlackElo "2221"]
[Annotator "ChessBase"]
[PlyCount "33"]
[EventDate "2019.07.27"]
[EventType "swiss"]
[EventCountry "GER"]
[SourceTitle "playchess.com"]
[Source "ChessBase"]
[SourceQuality "1"]
[TimeControl "60/7800+30:0"]

1. e4 c5 2. b4 cxb4 3. a3 d5 4. exd5 Qxd5 5. Nf3 e6 6. axb4 Bxb4 7. c3 Be7 8. d4 Nf6 9. Na3 O-O 10. Bd3 Bd7 11. O-O Bc6 12. Nc4 Nbd7 13. Re1 b6 14. Nce5 Nxe5 15. Rxe5 Qd7 16. Rg5 Qb7 17. Ne5 1/2-1/2

[Event "7. Arber-Senioren-Cup 2019"]
[Site "Bodenmais"]
[Date "2019.08.02"]
[Round "7.3"]
[White "Greul, Hans"]
[Black "Pribyl, Josef"]
[Result "1/2-1/2"]
[ECO "A50"]
[WhiteElo "2009"]
[BlackElo "2234"]
[Annotator "ChessBase"]
[PlyCount "68"]
[EventDate "2019.07.27"]
[EventType "swiss"]
[EventCountry "GER"]
[SourceTitle "playchess.com"]
[Source "ChessBase"]
[SourceQuality "1"]
[TimeControl "60/7800+30:0"]

1. d4 Nf6 2. c4 g6 3. Bf4 Bg7 4. e3 c5 5. Nc3 cxd4 6. exd4 O-O 7. Nf3 d5 8. Qb3 dxc4 9. Bxc4 Nc6 10. Qd1 Na5 11. Be2 Be6 12. O-O Nd5 13. Nxd5 Bxd5 14. Qd2 Rc8 15. Rfd1 Qb6 16. b3 Rfd8 17. Be3 Nc6 18. Rac1 Nb4 19. Ne5 Rxc1 20. Rxc1 Nc6 21. Qc3 e6 22. Nxc6 bxc6 23. f3 Rb8 24. Bc4 h5 25. Bxd5 cxd5 26. Qc5 Qa6 27. Qc7 Rf8 28. Rc2 Qd3 29. Qc3 Qxc3 30. Rxc3 a5 31. Rc5 a4 32. b4 Rb8 33. a3 Bf8 34. Rc3 Bd6 1/2-1/2

[Event "7. Arber-Senioren-Cup 2019"]
[Site "Bodenmais"]
[Date "2019.08.02"]
[Round "7.4"]
[White "Lorenc, Tomas"]
[Black "Godoj, Veit"]
[Result "1-0"]
[ECO "A13"]
[WhiteElo "2158"]
[BlackElo "1995"]
[Annotator "NA"]
[PlyCount "91"]
[EventDate "2019.07.27"]
[EventType "swiss"]
[EventCountry "GER"]
[SourceTitle "playchess.com"]
[Source "ChessBase"]
[SourceQuality "1"]
[TimeControl "60/7800+30:0"]

1. c4 e6 2. g3 d5 3. Bg2 f5 4. Nf3 c6 5. O-O Bd6 6. d3 Nf6 7. Nc3 e5 8. cxd5 Nxd5 9. Nxd5 cxd5 10. Qb3 d4 11. Bg5 Qb6 12. Qd5 Qc6 13. Rfc1 Qxd5 14. Rxc8+ Kf7 15. Rxh8 Qb5 16. Nh4 Bf8 17. Nxf5 h6 18. Bc1 a5 19. Be4 Ra6 20. f4 Nd7 21. fxe5 Nxe5 22. Nxd4 Qd7 23. Nf5 Rf6 24. Bd2 Ng6 25. Nxh6+ Ke6 26. Rxf8 Nxf8 27. Ng4 Qd4+ 28. Be3 Qxb2 29. Re1 Rf7 30. d4 Qc3 31. Rc1 Qa3 32. d5+ Kd6 33. Bc5+ Qxc5+ 34. Rxc5 Kxc5 35. Ne5 Re7 36. Nd3+ Kd4 37. Bf3 b5 38. d6 Rf7 39. Bc6 b4 40. Be8 Rf6 41. d7 Ne6 42. Nf4 Nd8 43. e3+ Kxe3 44. Nd5+ Kd3 45. Nxf6 gxf6 46. h4 1-0

[Event "7. Arber-Senioren-Cup 2019"]
[Site "Bodenmais"]
[Date "2019.08.02"]
[Round "7.5"]
[White "Steinbach, Peter"]
[Black "Korte, Markus"]
[Result "1-0"]
[ECO "C55"]
[WhiteElo "1958"]
[BlackElo "2028"]
[Annotator "NA"]
[PlyCount "27"]
[EventDate "2019.07.27"]
[EventType "swiss"]
[EventCountry "GER"]
[SourceTitle "playchess.com"]
[Source "ChessBase"]
[SourceQuality "1"]
[TimeControl "60/7800+30:0"]

1. e4 e5 2. Bc4 Nf6 3. d4 exd4 4. Nf3 Nc6 5. O-O Bc5 6. e5 d5 7. exf6 dxc4 8. Re1+ Be6 9. Ng5 Qxf6 10. Nxe6 fxe6 11. Qh5+ Qf7 12. Qxc5 O-O-O 13. Qxc4 Rhf8 14. Qxe6+ 1-0

[Event "7. Arber-Senioren-Cup 2019"]
[Site "Bodenmais"]
[Date "2019.08.02"]
[Round "7.6"]
[White "Neubauer, Jaroslaus"]
[Black "Hamlack, Heinz"]
[Result "1/2-1/2"]
[ECO "B11"]
[WhiteElo "2014"]
[BlackElo "1986"]
[Annotator "NA"]
[PlyCount "67"]
[EventDate "2019.07.27"]
[EventType "swiss"]
[EventCountry "GER"]
[SourceTitle "playchess.com"]
[Source "ChessBase"]
[SourceQuality "1"]
[TimeControl "60/7800+30:0"]

1. e4 c6 2. Nf3 d5 3. Nc3 Bg4 4. h3 Bxf3 5. Qxf3 e6 6. exd5 cxd5 7. d4 Nc6 8. Bb5 Qb6 9. Qe3 Bb4 10. O-O Bxc3 11. Bxc6+ Qxc6 12. bxc3 Rc8 13. Bd2 Nf6 14. f3 O-O 15. a4 Ne8 16. Rfb1 Nd6 17. Qe2 Nc4 18. Rb3 b6 19. Be1 Rfe8 20. f4 a6 21. Qf3 Ra8 22. h4 b5 23. axb5 axb5 24. Rab1 Nd6 25. h5 Ra2 26. h6 g6 27. g4 Rxc2 28. Qe3 Nc4 29. Qd3 Ra2 30. Rxb5 Qd6 31. Qg3 Re2 32. Rb7 Re4 33. Kh1 Re3 34. Qh2 1/2-1/2

[Event "7. Arber-Senioren-Cup 2019"]
[Site "Bodenmais"]
[Date "2019.08.02"]
[Round "7.7"]
[White "Fleuch, Hans-Juergen"]
[Black "Kurka, Dieter"]
[Result "0-1"]
[ECO "B22"]
[WhiteElo "1951"]
[BlackElo "2006"]
[Annotator "NA"]
[PlyCount "30"]
[EventDate "2019.07.27"]
[EventType "swiss"]
[EventCountry "GER"]
[SourceTitle "playchess.com"]
[Source "ChessBase"]
[SourceQuality "1"]
[TimeControl "60/7800+30:0"]

1. e4 c5 2. c3 d5 3. exd5 Qxd5 4. d4 Nf6 5. Nf3 Bg4 6. Nbd2 cxd4 7. Bc4 Qf5 8. Qb3 Bxf3 9. Bxf7+ Kd8 10. Nxf3 Qe4+ 11. Kf1 Qd3+ 12. Kg1 Nbd7 13. Bc4 Qe4 14. Bd3 Qxd3 15. Ng5 Qe4 0-1

[Event "7. Arber-Senioren-Cup 2019"]
[Site "Bodenmais"]
[Date "2019.08.02"]
[Round "7.8"]
[White "Puehn, Georg"]
[Black "Busch, Joerg"]
[Result "1/2-1/2"]
[ECO "B01"]
[WhiteElo "1990"]
[BlackElo "1851"]
[Annotator "NA"]
[PlyCount "56"]
[EventDate "2019.07.27"]
[EventType "swiss"]
[EventCountry "GER"]
[SourceTitle "playchess.com"]
[Source "ChessBase"]
[SourceQuality "1"]
[TimeControl "60/7800+30:0"]

1. e4 d5 2. exd5 Qxd5 3. Nf3 Bg4 4. Be2 Nf6 5. h3 Bh5 6. d4 c6 7. c4 Qd6 8. Nc3 e6 9. Bg5 Nbd7 10. Qd2 Qc7 11. O-O Bb4 12. Qe3 O-O 13. a3 Bd6 14. g4 Bg6 15. c5 Be7 16. b4 a6 17. a4 h6 18. Bh4 Qd8 19. Bg3 Nd5 20. Nxd5 exd5 21. Bd3 Bxd3 22. Qxd3 Nf6 23. Nd2 Nh7 24. f4 Bh4 25. Kg2 Re8 26. Bxh4 Qxh4 27. Nf3 Qd8 28. Rae1 Qc7 1/2-1/2

[Event "7. Arber-Senioren-Cup 2019"]
[Site "Bodenmais"]
[Date "2019.08.02"]
[Round "7.9"]
[White "Oberhofer, Max"]
[Black "Waltenberger, Udo"]
[Result "1-0"]
[ECO "A37"]
[WhiteElo "2187"]
[BlackElo "1986"]
[Annotator "ChessBase"]
[PlyCount "111"]
[EventDate "2019.07.27"]
[EventType "swiss"]
[EventCountry "GER"]
[SourceTitle "playchess.com"]
[Source "ChessBase"]
[SourceQuality "1"]
[TimeControl "60/7800+30:0"]

1. Nf3 c5 2. g3 g6 3. c4 Bg7 4. Bg2 Nc6 5. Nc3 e5 6. d3 Nge7 7. O-O d6 8. a3 Rb8 9. Rb1 a5 10. Bg5 f6 11. Bd2 Be6 12. Nb5 O-O 13. b4 axb4 14. axb4 Nxb4 15. Bxb4 cxb4 16. Rxb4 Nc6 17. Rb1 d5 18. cxd5 Bxd5 19. Nc3 Bf7 20. Qa4 Qa5 21. Qxa5 Nxa5 22. Rb5 Rfc8 23. Ne4 Nc6 24. Nd6 Rc7 25. Rfb1 Nd8 26. Nd2 Bf8 27. N2c4 Bxc4 28. Nxc4 Bc5 29. Na5 Kf8 30. Bxb7 Nxb7 31. Rxb7 Rcxb7 32. Rxb7 Rxb7 33. Nxb7 Bb6 34. Nd6 Kg7 35. e3 h5 36. h3 g5 37. g4 hxg4 38. hxg4 Bc5 39. Nf5+ Kf7 40. Kf1 Ke6 41. d4 exd4 42. exd4 Bb6 43. Ke2 Kd5 44. Kd3 Bd8 45. Ne3+ Ke6 46. Ke4 Kd6 47. Kf5 Be7 48. Nc4+ Kd5 49. Nd2 Bb4 50. Ne4 Be1 51. Nxf6+ Kxd4 52. Ne4 Kd3 53. f3 Ke3 54. Nxg5 Bh4 55. f4 Bg3 56. Ne6 1-0